 Dungeon Crawl Stone Soup version 0.27.1-37-g7b29ead8ac (console) character file.

Game seed: 3030053106512939015

6232 grimtooth the Summoner (level 10, -3/50 HPs)
             Began as a Deep Elf Summoner on Nov 15, 2023.
             Was a Priest of Kikubaaqudgha.
             Slain by a salamander (16 damage)
             ... in a volcano.
             The game lasted 01:11:04 (13436 turns).

grimtooth the Summoner (Deep Elf Summoner)         Turns: 13436, Time: 01:11:05

Health: -3/50      AC:  6    Str:  5    XL:     10   Next: 62%
Magic:  15/21      EV: 15    Int: 23    God:    Kikubaaqudgha [***...]
Gold:   1325       SH:  0    Dex: 16    Spells: 9/21 levels left

rFire    + + .     SeeInvis .   b - +9 dagger "Gojeta" {flame, rElec}
rCold    . . .     Faith    .   (no shield)
rNeg     . . .     Spirit   .   B - +2 robe {rF+}
rPois    .         Reflect  .   g - +0 helmet
rElec    +         Harm     .   (no cloak)
rCorr    .         Rampage  .   N - +0 pair of gloves
Will     +....                  (no boots)
Stlth    ++++......             (no amulet)
HPRegen  0.16/turn              L - ring of protection from cold
MPRegen  0.17/turn              U - ring of fire

@: no status effects
A: no striking features
a: Renounce Religion, Receive Corpses


You were in a volcano.
You worshipped Kikubaaqudgha.
Kikubaaqudgha was most pleased with you.
You visited 3 branches of the dungeon, and saw 11 of its levels.
You also visited: Bailey and Volcano.

You collected 1325 gold pieces.

Inventory:

Hand Weapons
 a - a +2 dagger of venom
 b - the +9 dagger "Gojeta" (weapon) {flame, rElec}
   (You found it on level 5 of the Dungeon)

   It burns those it strikes, dealing additional fire damage.
   rElec:     It insulates you from electricity.
Missiles
 e - 36 stones
 n - 63 boomerangs
 I - 10 poisoned darts (quivered)
 O - a throwing net {=f}
Armour
 g - a +0 helmet (worn)
 B - a +2 robe of fire resistance (worn)
 N - a +0 pair of gloves (worn)
 P - a +0 buckler
Magical Staves
 w - a staff of air
 E - a staff of death
Jewellery
 L - a ring of protection from cold (left hand)
 U - a ring of fire (right hand)
Wands
 o - a wand of flame (29)
 q - a wand of mindburst (8)
 u - a wand of paralysis (10)
 F - a wand of digging (5)
Scrolls
 k - a scroll of brand weapon {unknown}
 l - a scroll of enchant weapon {unknown}
 r - a scroll of teleportation
 v - 2 scrolls of fear {unknown}
 x - 2 scrolls of immolation {unknown}
 D - 3 scrolls of vulnerability {unknown}
 G - a scroll of fog
 K - a scroll of enchant armour {unknown}
 M - a scroll of amnesia {unknown}
 Q - a scroll of magic mapping {unknown}
 R - a scroll of acquirement {unknown}
Potions
 f - 2 potions of berserk rage
 i - 3 potions of flight
 m - 6 potions of lignification {unknown}
 p - a potion of might
 t - 2 potions of brilliance
 z - a potion of haste
 A - a potion of resistance
 H - a potion of cancellation {unknown}
Miscellaneous
 J - a condenser vane (inert)


   Skills:
 + Level 5.6 Short Blades
 + Level 5.7 Dodging
 - Level 9.0 Stealth
 - Level 6.0 Spellcasting
 - Level 12.0 Summonings
 * Level 7.5 Necromancy


You had 9 spell levels left.
You knew the following spells:

 Your Spells              Type           Power      Damage    Failure   Level
c - Corpse Rot            Necr/Air       N/A        N/A       2%          2
x - Animate Dead          Necr           20%        N/A       3%          4
L - Summon Small Mammal   Summ           100%       N/A       1%          1
N - Call Canine Familiar  Summ           58%        N/A       1%          3
P - Call Imp              Summ           58%        N/A       1%          2

Your spell library contained the following spells:

 Spells                   Type           Power      Damage    Failure   Level
 Pain                     Necr           100%       1d9       1%          1
 Sublimation of Blood     Necr           20%        N/A       1%          2
 Vampiric Draining        Necr           20%        2d8       1%          3
 Summon Guardian Golem    Hex/Summ       34%        N/A       2%          3
 Dispel Undead            Necr           41%        3d16      3%          4
 Summon Lightning Spire   Summ/Air       34%        N/A       7%          4
 Agony                    Necr           41%        N/A       11%         5
 Excruciating Wounds      Necr           20%        N/A       11%         5
 Death Channel            Necr           20%        N/A       52%         6
 Petrify                  Tmut/Erth      6%         N/A       63%         4
 Irradiate                Conj/Tmut      3%         3d15      93%         5
 Simulacrum               Ice/Necr       12%        N/A       95%         6


Dungeon Overview and Level Annotations

Branches:
Dungeon (9/15)             Temple (1/1) D:4            Lair (1/6) D:9
    Orc (0/2) D:9          Bailey (visited)         Volcano (1/1)

Altars:
Ashenzari
Cheibriados
Dithmenos
Elyvilon
Fedhas
Gozag
Hepliaklqana
Kikubaaqudgha
Makhleb
Nemelex Xobeh
Okawaru
Qazlal
Ru
Sif Muna
Uskayaw
Vehumet
Wu Jian
Xom
Zin
The Shining One
Beogh

Shops:
D:5 *   D:6 *

Annotations:
D:2 dig17g
D:3 2 runed translucent doors, yourfavgirlally's ghost, weakling HOMo
D:4 3 runed translucent doors, allion's ghost, novice GrDe
D:6 1 runed translucent door, Crazy Yiuf; Edmund
D:8 2 transporters, grimtooth's ghost, novice OgBe


Message History

Okay, then.
Okay, then.
Kikubaaqudgha delivers you corpses!
Kikubaaqudgha will no longer protect you from unholy torment.
The centaur shoots an arrow.
The arrow hits you.
Press: ? - help, v - describe, . - travel, g - get item Item here: a lindwurm corpse.
The floor, spattered with blood.
Casting: Call Canine Familiar (safe; 1% risk of failure)
Confirm with . or Enter, or press ? or * to list all spells.
You smell decay.
The centaur shoots an arrow.
The arrow hits you!
Your warg is engulfed in dark miasma.
You kill your warg!
Your warg's corpse disappears in a puff of smoke!
The salamander hits you from afar with a +4 vorpal halberd!
You are engulfed in flames.
You resist.
Really walk into that cloud of foul pestilence?
Okay, then.
Enter note: - man i really do not get how to use corpse rot
Okay, then.
Press: ? - help, v - describe, . - travel
Here: a centaur, wielding a +2 shortbow of flaming and quivering arrows Some shallow water.
Enter note: - so now i get destroyed
Press: ? - help, v - describe, . - travel
Here: a centaur, wielding a +2 shortbow of flaming and quivering arrows Some shallow water.
Okay, then.
Aiming: Paralyse
Press: ? - help, Shift-Dir - straight line, f - centaur
Aim: a centaur, wielding a +2 shortbow of flaming and quivering arrows (chance to affect: 46%)
The centaur suddenly stops moving!
The salamander hits you from afar with a +4 vorpal halberd.
* * * LOW HITPOINT WARNING * * *
You are engulfed in flames.
You resist.
* * * LOW HITPOINT WARNING * * *
x2 You feel better.
The salamander hits you from afar with a +4 vorpal halberd!
You die...
Kikubaaqudgha rasps: "You have failed me!
Welcome... death!"

≈≈≈≈≈≈≈°○○○...^..§§§§≈≈≈
≈≈≈≈≈≈≈°○.°####...§§≈§≈#
≈≈≈≈≈≈≈≈°○##.$##.§§§§§≈≈
≈≈≈≈≈≈≈≈..#[...#§§≈≈≈≈≈§
≈≈≈≈≈≈≈≈.'...)#§≈§§≈≈§§
≈≈≈≈≈≈≈..# #.≈≈§§≈≈§
≈≈≈≈≈≈...## ##.≈°≈≈§§
≈≈≈≈≈≈≈c).####.^≈°≈§§§§
≈≈≈≈≈≈≈..N......≈.≈≈≈#§
≈≈≈≈≈≈≈≈°§○.....§≈≈≈≈§
≈≈≈≈≈§≈≈#@######≈≈§≈§§§
≈≈≈≈≈≈°≈##○..## ≈§≈≈≈§≈
≈≈≈≈≈≈≈≈≈####.# ≈≈§§§#
≈≈≈≈≈≈≈≈≈ #∩∩## §≈§≈§§
≈≈≈≈≈≈≈ #### ≈≈≈§§
≈≈≈≈≈≈≈


You could see a salamander and a centaur (paralysed).

Vanquished Creatures
  Nergalle (Lair:1)
  A troll (D:9)
  A fire bat (Volcano)
  Menkaure (D:6)
  A hell hound (Volcano)
  A sky beast (D:5)
  2 orc warriors (Bailey)
  2 necrophages (D:7)
  A centaur (D:8)
  An ogre (D:6)
  2 bullfrogs
  A kobold brigand (D:8)
  Blork the orc (D:5)
  A scorpion (D:4)
  Dowan (D:6)
  An electric eel (D:8)
  2 wights (D:6)
  2 bullfrog skeletons
  A gnoll shaman (D:5)
  A hound (D:6)
  3 iguanas
  An iron imp (D:8)
  An orc wizard (D:7)
  2 howler monkey zombies
  9 gnolls
  An adder (D:4)
  2 shadow imps
  3 white imps
  10 orcs
  2 ball pythons
  4 endoplasms
  A giant cockroach (D:4)
  17 goblins
  5 hobgoblins
  3 jackals (D:5)
  14 kobolds
  A quokka (D:1)
  2 bats (D:3)
  3 frilled lizards
  2 rats
111 creatures vanquished.

Vanquished Creatures (collateral kills)
  4 two-headed ogres
  Pikel (D:4)
  A hornet (D:8)
  3 yaks (D:8)
  Duvessa (D:6)
  A water moccasin (D:5)
  A black bear (D:8)
  A sky beast (D:6)
  2 orc warriors (Bailey)
  4 ogres
  2 centaurs
  A gnoll sergeant (D:8)
  2 scorpions (D:5)
  5 jellies
  3 wights (D:6)
  3 howler monkeys
  A centaur zombie (D:9)
  3 hounds
  3 orc priests
  2 iguanas (D:6)
  2 orc wizards
  A killer bee zombie (D:7)
  A howler monkey zombie (D:6)
  Robin (D:3)
  12 gnolls
  6 adders
  A white imp (D:4)
  An ufetubus (D:5)
  A worm (D:3)
  16 orcs
  A bat (D:3)
  6 endoplasms
  13 goblins
  6 hobgoblins
  2 jackals (D:1)
  A quokka (D:1)
  A ball python (D:2)
  10 kobolds
  A rat (D:3)
  A spectral hobgoblin (D:3)
128 creatures vanquished.

Vanquished Creatures (others)
  A two-headed ogre (Volcano)
  A fungus (D:9)
  3 plants (D:9)
5 creatures vanquished.

Grand Total: 244 creatures vanquished

Notes
Turn   | Place    | Note
-------+----------+-------------------------------------------
     0 | D:1      | grimtooth the Deep Elf Summoner began the quest for the
                  | Orb.
     0 | D:1      | Reached XP level 1. HP: 10/10 MP: 6/6
   398 | D:1      | Reached XP level 2. HP: 15/15 MP: 8/8
  1096 | D:2      | Learned a level 2 spell: Call Imp
  1365 | D:2      | Reached skill level 5 in Summonings
  1365 | D:2      | Reached XP level 3. HP: 13/19 MP: 6/10
  2066 | D:2      | Learned a level 3 spell: Call Canine Familiar
  2236 | D:3      | Noticed Robin
  2246 | D:3      | Killed Robin
  2247 | D:3      | Reached XP level 4. HP: 16/24 MP: 7/11
  2424 | D:3      | Found a runed translucent door.
  2428 | D:3      | Noticed a bullfrog
  2434 | D:3      | Noticed yourfavgirlally's ghost (weakling HOMo)
  2888 | D:3      | Found a faded altar of an unknown god.
  3123 | D:3      | Found a runed translucent door.
  3506 | D:4      | Noticed a lemure
  3507 | D:4      | Noticed a lemure
  3507 | D:4      | Noticed a lemure
  3510 | D:4      | Noticed a lemure
  3514 | D:4      | Noticed Pikel
  3560 | D:3      | Reached skill level 6 in Summonings
  3667 | D:4      | Killed Pikel
  3668 | D:4      | Reached skill level 5 in Stealth
  3668 | D:4      | Reached skill level 7 in Summonings
  3668 | D:4      | Reached XP level 5. HP: 28/28 MP: 4/13
  3668 | D:4      | Reached XP level 6. HP: 32/32 MP: 4/14
  4022 | D:4      | Found a staircase to the Ecumenical Temple.
  4048 | Temple   | Entered the Ecumenical Temple
  4394 | Temple   | - elyvilon would be interesting... but i think thats
                  | another game
  4406 | Temple   | Became a worshipper of Kikubaaqudgha
  5170 | D:4      | Found an ornate altar of the Wu Jian Council.
  5179 | D:4      | Found a shadowy altar of Dithmenos.
  5243 | D:4      | Found a runed translucent gate.
  5244 | D:4      | Found a runed translucent gate.
  5245 | D:4      | Found a runed translucent gate.
  5247 | D:4      | Identified the +10 dagger of Toxaw {elec, rF- rN+++ Str-3
                  | Stlth+}
  5249 | D:4      | Noticed allion's ghost (novice GrDe)
  5249 | D:4      | Noticed an orc warrior
  5474 | D:5      | Entered Level 5 of the Dungeon
  5650 | D:5      | Found Veas's General Store.
  5739 | D:5      | Reached XP level 7. HP: 36/36 MP: 10/15
  5808 | D:5      | Identified the +9 dagger "Gojeta" {flame, rElec}
  5842 | D:5      | - this is kinda happy
  5908 | D:5      | Reached skill level 8 in Summonings
  6406 | D:5      | Found a glowing silver altar of Zin.
  6445 | D:5      | Reached * piety under Kikubaaqudgha
  6445 | D:5      | Received a gift from Kikubaaqudgha
  6579 | D:5      | Reached skill level 1 in Short Blades
  6921 | D:5      | Reached skill level 9 in Summonings
  7000 | D:5      | Noticed Blork the orc
  7002 | D:5      | Killed Blork the orc
  7132 | D:5      | Reached XP level 8. HP: 26/41 MP: 11/16
  7496 | D:6      | Found a hazy altar of Hepliaklqana.
  7506 | D:6      | Noticed a two-headed ogre
  7526 | D:6      | Noticed Dowan
  7529 | D:6      | Noticed Duvessa
  7708 | D:6      | Found Caolif's Commerce Corner.
  7718 | D:6      | Killed Dowan
  7730 | D:6      | Killed a two-headed ogre
  7731 | D:6      | Reached skill level 5 in Short Blades
  7731 | D:6      | Reached skill level 5 in Spellcasting
  7758 | D:6      | Killed Duvessa
  8369 | D:6      | Reached ** piety under Kikubaaqudgha
  8370 | D:6      | Reached skill level 10 in Summonings
  8370 | D:6      | Noticed Menkaure
  8391 | D:6      | Killed Menkaure
  8559 | D:6      | Noticed Edmund
  8602 | D:6      | Reached XP level 9. HP: 45/45 MP: 20/20
  8759 | D:6      | Found a runed translucent door.
  8760 | D:6      | Noticed Crazy Yiuf
  9740 | D:7      | Reached skill level 11 in Summonings
  9904 | D:7      | Found a shimmering altar of Xom.
  9957 | D:8      | Noticed a troll
  9976 | D:8      | Noticed a boulder beetle
  9994 | D:8      | Noticed a two-headed ogre
  9995 | D:8      | Noticed grimtooth's ghost (novice OgBe)
  9996 | D:8      | Found a transporter.
 10016 | D:8      | Found a transporter.
 10055 | D:8      | Found a snail-covered altar of Cheibriados.
 10119 | D:8      | Found a flagged portal.
 10153 | Bailey   | Entered a bailey
 10157 | Bailey   | Learned a level 2 spell: Corpse Rot
 10342 | Bailey   | Reached *** piety under Kikubaaqudgha
 10342 | Bailey   | Received a gift from Kikubaaqudgha
 10351 | Bailey   | Learned a level 4 spell: Animate Dead
 10376 | Bailey   | - whoops
 11223 | D:8      | Reached skill level 1 in Necromancy
 11664 | D:8      | Found an opulent altar of Gozag.
 11836 | D:8      | Found a broken altar of Ashenzari.
 12097 | D:9      | Found a staircase to the Orcish Mines.
 12161 | D:9      | Noticed a two-headed ogre
 12186 | D:9      | Killed a two-headed ogre
 12187 | D:9      | Reached skill level 12 in Summonings
 12187 | D:9      | Reached XP level 10. HP: 27/50 MP: 8/21
 12557 | D:9      | Noticed a two-headed ogre
 12580 | D:9      | Killed a two-headed ogre
 12581 | D:9      | Reached skill level 5 in Necromancy
 12747 | D:9      | Noticed a two-headed ogre
 12779 | D:9      | Killed a two-headed ogre
 12779 | D:9      | Reached **** piety under Kikubaaqudgha
 12946 | D:9      | Found a staircase to the Lair.
 13133 | Lair:1   | Entered Level 1 of the Lair of Beasts
 13133 | Lair:1   | Noticed Nergalle
 13135 | Lair:1   | Found a dark tunnel.
 13138 | Lair:1   | Killed Nergalle
 13139 | Lair:1   | Reached skill level 5 in Dodging
 13159 | Volcano  | Entered a volcano
 13420 | Volcano  | Noticed a two-headed ogre
 13420 | Volcano  | Noticed a salamander
 13430 | Volcano  | Killed a two-headed ogre
 13435 | Volcano  | - man i really do not get how to use corpse rot
 13435 | Volcano  | - so now i get destroyed
 13436 | Volcano  | Slain by a salamander

Illustrated notes

♣.♣..♣ ♣..♣♣ ♣.._..♣
♣♣...♣♣ ♣♣♣.♣ ♣.....♣
♣.....♣ ♣.♣♣♣♣♣♣....♣♣
♣.._..♣ ♣♣..♣....♣♣♣.♣
......♣ ♣♣♣.....♣♣♣♣♣♣.♣
♣♣...♣♣ ♣P.♣♣♣♣♣♣ ♣♣..♣
♣♣♣♣.♣♣♣♣.♣♣♣♣♣♣♣ ♣..♣♣
♣♣♣♣...♣.♣P...♣♣♣♣.♣♣
♣♣P♣.♣♣.♣♣♣.....♣...♣♣
♣♣....♣♣.P♣♣.._....P..♣♣
♣..♣♣P♣.♣♣♣♣...@.♣P♣.♣.♣
♣♣.♣♣♣♣♣.♣ ♣♣...♣♣♣♣♣P.♣
♣♣.♣♣ ♣♣.♣♣♣ ♣♣♣♣♣ ♣♣.♣♣
♣.P♣♣♣...P♣ ♣..♣
♣..♣♣.....♣ ♣♣♣.♣
♣♣..♣.._..♣♣♣♣♣♣♣♣♣♣♣...♣♣
♣♣.P.......♣P...♣♣P.....♣
♣♣.....♣♣....♣♣....._..♣
♣♣♣♣♣♣.♣♣♣♣♣♣♣♣♣......♣
♣♣♣ ♣♣P...♣♣ ♣♣♣P♣♣


Turn 4394 on Temple: - elyvilon would be interesting... but i think thats
another game ..##..s##..######. ...5....<......... #....##.###..##### #(.
##.###..# #.. ....5...# #.# #######..# #.# .........# #.# ######.## .######.####
#.# <..........# #.# .######.##@######.# #.##........# #.######[###########
#................# #.##############.# #.# #.# ..## #.# ###..# #.# .#...# #.#
##.#..# #.# #..#..# #.# Turn 5842 on D:5: - this is kinda happy ...####
......### .∩......#### ...........#### ≈≈≈≈≈≈........### ≈≈≈≈≈≈≈≈≈.......##
######≈≈≈≈≈......## ggggo#∩≈≈≈≈≈≈.....### KKooK####)≈≈≈≈5≈≈≈≈≈###≈
#g####..#)..).≈≈≈≈≈≈≈≈≈≈ ... ^...###..5.o@#≈≈≈≈≈≈# ###..' #..h.)#########
#..###.......## #.(#....⌠.....# ##'#.).......## ######..(.)......##
..............#### #.############# Turn 10376 on Bailey: - whoops
≈≈≈≈≈≈≈°○○○...^..§§§§≈≈≈ ≈≈≈≈≈≈≈°○.°####...§§≈§≈# ≈≈≈≈≈≈≈≈°○##.$##.§§§§§≈≈
≈≈≈≈≈≈≈≈..#[...#§§≈≈≈≈≈§ ≈≈≈≈≈≈≈≈.'...)#§≈§§≈≈§§ ≈≈≈≈≈≈≈..# #.≈≈§§≈≈§
≈≈≈≈≈≈...## ##.≈°≈≈§§ ≈≈≈≈≈≈≈c).####.^≈°≈§§§§ ≈≈≈≈≈≈≈..N......≈.≈≈≈#§
≈≈≈≈≈≈≈≈○§○.....§≈≈≈≈§ ≈≈≈≈≈§≈≈#@######≈≈§≈§§§ ≈≈≈≈≈≈°≈##☼..## ≈§≈≈≈§≈
≈≈≈≈≈≈≈≈≈####.# ≈≈§§§# ≈≈≈≈≈≈≈≈≈ #∩∩## §≈§≈§§ ≈≈≈≈≈≈≈ #### ≈≈≈§§ ≈≈≈≈≈≈≈ Turn
13435 on Volcano: - man i really do not get how to use corpse rot

Levels and vault maps discovered:
D:1:      psy_arrival_dodecagon, layout_basic
D:2:      layout_loops_ring, minmay_statues_item, grunt_decor_arrowhead,
          minmay_cut_off
D:3:      layout_loops_ring, dreamdust_ecumenical_altar_drowned_temple,
          ebering_ghost_sewer_f, uniq_robin
D:4:      layout_basic, mainiacjoe_overflow_big_doors, minmay_temple_entry_hall,
          biasface_ghost_orc_armoury, fountainhead, uniq_pikel
D:5:      layout_loops_ring, zin_statuary, serial_shops, shop_statue,
          minmay_ogre_servants, uniq_blork_the_orc
D:6:      layout_rooms, nzn_hepliaklqana_mist_gate, nicolae_alphabet_shops,
          uniq_crazy_yiuf_cottage, uniq_edmund, uniq_duvessa, uniq_menkaure
D:7:      layout_loops_corners, mainiacjoe_overflow_alcove_1
D:8:      layout_basic, slow_altar_1, mainiacjoe_overflow_alcove_2,
          nicolae_gozag_seed_capital, enter_bailey_4, gammafunk_ghost_arena,
          chequers_serial_rivers_room_a
D:9:      layout_big_octagon, dpeg_oklobed_lair, orc_0_dummy
Temple:   minmay_temple_forest_path
Lair:1:   layout_loops_ring, nicolae_volcano_entry_lava_flow, uniq_nergalle,
          uniq_harold
Volcano:  volcano_village

Skill      XL: |  1  2  3  4  5  6  7  8  9 10 |
---------------+-------------------------------+-----
Stealth        | 3 5 6 8 9 |  9.0
Summonings     | 5 7 9 10 12 | 12.0
Spellcasting   | 4 6 |  6.0
Short Blades   | 3 5 |  5.6
Necromancy     | 4 7 |  7.5
Dodging        | 5 |  5.7

Action                   |  1- 3 |  4- 6 |  7- 9 | 10-12 || total
-------------------------+-------+-------+-------+-------++-------
Melee: Whip              |    60 |       |       |       ||    60
       Unarmed           |     1 |       |       |       ||     1
       Dagger            |       |    76 |   178 |    18 ||   272
Throw: Stone             |       |     3 |     1 |       ||     4
       Dart              |       |       |    21 |    10 ||    31
 Cast: Summon Small Mamm |    25 |     5 |       |       ||    30
       Call Imp          |     7 |    18 |    44 |     6 ||    75
       Call Canine Famil |     2 |     9 |    31 |     6 ||    48
       Animate Dead      |       |       |       |     3 ||     3
       Corpse Rot        |       |       |       |     1 ||     1
Invok: Receive Corpses   |       |       |       |     1 ||     1
Evoke: Wand              |       |       |    53 |     6 ||    59
       Condenser vane    |       |       |       |     1 ||     1
  Use: Potion            |       |     1 |     2 |     2 ||     5
       Scroll            |       |       |    11 |       ||    11
 Stab: Sleeping          |     6 |     5 |    15 |     1 ||    27
       Distracted        |       |     2 |     1 |       ||     3
Armor: Robe              |    16 |    15 |    34 |     3 ||    68
Dodge: Dodged            |    37 |    53 |    99 |    20 ||   209
